Map: Pillars of Gold LE

Players

ArT

  • Race: Protoss Protoss
  • Spawn Location: 1:00

AGOElazer (Elazer) - Winner!

  • Race: Zerg Zerg
  • League: Grandmaster
  • Spawn Location: 7:00

Event: DreamHack SC2 Masters 2020 Summer Europe

VOD

Have the link to the VOD?

Description

Time

  • Played on: June 28, 2020, 11:37 a.m.
  • Length: 11:15

All games in this series

Show
View Real Time Build Order
Export as new Build Order

ArT Protoss 

Build Orders: 1 Gate Expand, Oracle Opening 

Get SALT Encoding   

  12  0:00  Probe  
  13  0:13  Probe  
  14  0:20  Pylon  
  14  0:25  Probe  
  15  0:34  Probe  
  15  0:42  Probe  
  16  0:43  Gateway  
  17  0:53  Assimilator  
  17  0:55  Probe  
  18  1:07  Probe  
  19  1:19  Probe  
  20  1:31  Nexus  
  20  1:43  Cybernetics Core  
  20  1:46  Probe  
  21  1:52  Assimilator  
  21  1:58  Probe  
  22  2:05  Pylon  
  22  2:10  Probe  
  22  2:14  Adept  
  23  2:19  Warp Gate  
  23  2:24  Probe  
  26  2:31  Stargate  
  26  2:36  Probe  
  27  2:42  Probe  
  27  2:44  Stalker  
  27  2:48  Probe  
  27  2:50  Probe  
  32  3:01  Probe x2  
  32  3:04  Oracle  
  34  3:13  Probe x2  
  39  3:20  Gateway  
  39  3:25  Probe x2  
  41  3:30  Pylon  
  41  3:32  Oracle  
  41  3:37  Probe x2  
  46  3:49  Probe x2  
  48  4:01  Probe x2  
  50  4:05  Twilight Council  
  50  4:07  Gateway  
  50  4:08  Gateway  
  47  4:12  Assimilator  
  47  4:13  Resonating Glaives, Probe  
  47  4:15  Pylon  
  47  4:16  Probe  
  49  4:20  Adept  
  51  4:27  Pylon  
  51  4:37  Adept  
  53  4:42  Probe  
  53  4:44  Pylon  
  54  4:49  Adept  
  54  4:52  Probe  
  57  4:59  Adept  
  59  5:02  Pylon  
  59  5:03  Adept  
  61  5:09  Adept, Nexus  
  61  5:13  Adept  
  65  5:20  Adept  
  66  5:24  Adept  
  68  5:28  Assimilator  
  68  5:31  Adept  
  70  5:37  Adept, Pylon, Probe x2  
  74  5:45  Pylon  
  74  5:49  Probe  
  74  5:53  Robotics Facility  
  74  5:54  Adept x2  
  74  5:56  Probe  
  79  6:01  Probe  
  80  6:05  Adept x2  
  80  6:08  Probe  
  85  6:13  Probe  
  85  6:14  Pylon  
  86  6:21  Probe  
  86  6:24  Probe  
  82  6:26  Probe  
  82  6:30  Immortal  
  83  6:33  Sentry x2, Probe  
  83  6:34  Sentry  
  83  6:36  Probe  
  85  6:40  Sentry  
  85  6:44  Probe  
  74  6:49  Probe  
  74  6:50  Probe  
  74  6:51  Blink  
  74  6:53  Forge  
  74  7:00  Sentry, Stalker  
  74  7:01  Stalker, Shield Battery  
  80  7:02  Probe  
  80  7:03  Immortal  
  80  7:04  Probe  
  80  7:06  Probe  
  87  7:18  Protoss Ground Weapons Level 1  
  83  7:23  Stalker x3  
  83  7:26  Stalker  
  85  7:31  Pylon  
  85  7:33  Immortal  
  85  7:35  Probe  
  82  7:39  Probe  
  75  7:46  Stalker x2  
  75  7:49  Stalker  
  81  7:53  Probe  
  81  7:54  Adept  
  81  7:56  Shield Battery  
  81  7:57  Probe  
  80  7:59  Probe  
  80  8:01  Probe  
  79  8:06  Warp Prism  
  79  8:09  Probe, Pylon  
  79  8:10  Probe  
  79  8:11  Probe  
  79  8:12  Sentry x2  
  88  8:21  Probe  
  88  8:22  Probe  
  88  8:23  Sentry, Assimilator  
  88  8:24  Sentry  
  88  8:25  Assimilator, Probe  
  96  8:36  Gateway  
  96  8:37  Gateway  
  96  8:39  Gateway  
  95  8:45  Adept  
  97  8:52  Charge  
  97  8:55  Shield Battery  
  97  8:58  Templar Archives  
  97  8:59  Stalker, Zealot  
  97  9:01  Immortal  
  99  9:10  Photon Cannon  
  99  9:11  Pylon  
  99  9:14  Pylon  
  98  9:25  Stalker, Probe  
  98  9:29  Stalker  
  99  9:38  Probe  
  100  9:41  Stalker x2  
  100  9:44  Probe  
  104  9:48  Psionic Storm  
  104  9:52  Probe  
  105  9:58  Pylon  
  105  10:05  Probe  
  105  10:06  Probe  
  107  10:08  High Templar, Zealot x3  
  113  10:28  High Templar x2  
  103  10:30  Probe x2  
  103  10:31  Stalker  
  91  10:43  Zealot  
  91  10:44  Stalker  
  91  10:45  Stalker x2  
  89  10:53  Probe x2  
  89  10:55  Probe  
  67  11:01  Stalker  
  67  11:02  Stalker  
Show
View Real Time Build Order
Export as new Build Order

AGOElazer Zerg - Winner!

Build Orders: Hatch First, Muta Ling Bane 

Get SALT Encoding   

  12  0:00  Drone  
  13  0:12  Overlord  
  13  0:17  Drone  
  14  0:30  Drone x2  
  16  0:44  Drone  
  17  0:52  Hatchery  
  17  0:56  Drone  
  17  0:59  Drone  
  18  1:09  Extractor  
  17  1:14  Spawning Pool  
  17  1:18  Drone  
  17  1:21  Drone  
  18  1:29  Drone  
  19  1:40  Drone  
  20  1:52  Overlord  
  20  2:00  Queen  
  22  2:04  Queen  
  22  2:05  Zergling x4  
  26  2:11  Drone  
  26  2:12  Metabolic Boost  
  26  2:15  Drone  
  28  2:23  Drone  
  28  2:28  Drone  
  30  2:34  Zergling x2  
  30  2:37  Drone  
  32  2:44  Hatchery  
  32  2:50  Queen  
  33  2:54  Overlord  
  33  2:57  Drone  
  34  3:00  Drone  
  34  3:02  Drone  
  36  3:06  Overlord  
  36  3:14  Drone x3  
  36  3:15  Drone  
  40  3:25  Drone, Queen  
  43  3:29  Drone  
  43  3:33  Drone x2  
  46  3:41  Drone  
  47  3:42  Drone x3  
  47  3:46  Drone  
  51  3:48  Roach Warren  
  51  3:54  Overlord  
  47  3:58  Drone x2  
  47  4:00  Drone  
  44  4:04  Drone  
  44  4:09  Drone x2  
  47  4:10  Drone  
  47  4:14  Drone x3  
  51  4:20  Spore Crawler  
  51  4:22  Drone x3  
  53  4:24  Extractor  
  53  4:27  Overlord  
  51  4:31  Drone x3  
  51  4:37  Drone x3  
  57  4:40  Drone x2  
  57  4:42  Overlord  
  57  4:43  Zergling x4  
  63  4:50  Zergling x4  
  63  4:52  Overlord  
  65  4:55  Extractor  
  65  4:56  Lair  
  65  4:57  Extractor  
  65  4:59  Drone  
  64  5:02  Drone x2  
  64  5:04  Overlord  
  64  5:06  Zergling x4  
  67  5:07  Zergling x2  
  67  5:13  Drone x5  
  73  5:21  Overlord  
  73  5:23  Drone x3  
  73  5:27  Overlord  
  75  5:34  Drone x2  
  76  5:36  Drone x4, Extractor  
  76  5:40  Evolution Chamber, Baneling Nest  
  76  5:41  Overlord  
  76  5:42  Roach x3  
  83  5:48  Roach x2  
  87  5:51  Extractor  
  87  5:52  Roach  
  87  5:55  Roach x4  
  96  6:02  Roach  
  96  6:03  Overlord  
  98  6:05  Roach  
  98  6:06  Roach x2  
  98  6:07  Roach  
  105  6:11  Overlord  
  105  6:14  Roach x2, Zergling x2  
  105  6:15  Queen  
  104  6:20  Roach  
  104  6:25  Roach x5  
  104  6:33  Zergling x2  
  104  6:34  Zergling x8  
  104  6:35  Glial Reconstitution  
  104  6:38  Zergling x2  
  104  6:43  Zergling x4  
  101  6:56  Drone x7  
  101  6:59  Zerg Melee Weapons Level 1  
  108  7:03  Drone x3  
  108  7:07  Ravager  
  112  7:09  Drone x2  
  112  7:11  Drone  
  112  7:26  Drone x9  
  116  7:33  Zergling x4  
  110  7:42  Zergling x8  
  100  7:48  Zergling x4  
  100  7:49  Centrifical Hooks  
  102  7:54  Zergling x2  
  102  7:55  Zergling x10  
  102  7:58  Hatchery  
  103  8:04  Roach x4  
  101  8:10  Roach x2  
  105  8:15  Drone  
  105  8:16  Drone, Zergling x4  
  105  8:17  Spire  
  105  8:19  Ravager x3  
  111  8:26  Zergling x2  
  111  8:27  Zergling x12  
  118  8:33  Baneling  
  118  8:34  Baneling x3  
  118  8:36  Baneling x4  
  118  8:38  Pneumatized Carapace, Overlord  
  118  8:40  Drone  
  119  8:41  Extractor  
  119  8:46  Zergling x8  
  122  8:53  Overlord  
  122  8:54  Baneling x8  
  122  8:57  Zerg Melee Weapons Level 2  
  122  8:58  Zergling x8  
  126  9:04  Overlord  
  126  9:07  Drone x4  
  129  9:18  Zergling x24  
  140  9:29  Mutalisk x4  
  147  9:34  Overlord  
  144  9:40  Mutalisk  
  144  9:41  Mutalisk  
  144  9:45  Zergling x12  
  153  9:55  Hatchery, Overlord  
  153  9:56  Zergling x2  
  153  9:59  Baneling  
  153  10:00  Baneling x7  
  153  10:02  Overlord  
  153  10:15  Drone x6  
  153  10:20  Baneling  
  153  10:21  Baneling x8  
  159  10:22  Hatchery  
  154  10:29  Baneling x13  
  154  10:31  Zergling x2  
  153  10:41  Zergling x16  
  153  10:44  Zergling x2  
  153  10:45  Zergling x4  
  153  10:48  Drone x2  
  150  10:55  Zergling x8  
Tags
 
Add a new tag
Caveats
  • Supply blocks, unpowered buildings, or Contaminate may cause inaccurate times.
  • Supply counts are checked every 10 seconds.